 Dungeon Sprint DCSS version 0.23.2-40-g277498a001 (webtiles) character file.

Game seed: 12769526056416442565

55426 Devam the Imperceptible (level 14, 0/117 HPs)
             Began as an Octopode Assassin on Sept 27, 2019.
             Was an Initiate of Gozag.
             Slain by a yaktaur captain (16 damage)
             ... in the Dungeon (Sprint IX: "|||||||||||||||||||||||||||||").
             The game lasted 00:54:19 (7819 turns).

Devam the Imperceptible (Octopode Assassin)         Turns: 7819, Time: 00:54:20

Health: 0/117      AC: 12    Str: 10    XL:     14   Next: 77%
Magic:  10/28      EV: 31    Int: 17    God:    Gozag
Gold:   2797       SH: 12    Dex: 30    Spells: 10/33 levels left

rFire    + + +     SeeInvis +   z - +5 quick blade
rCold    + + +     Gourm    .   g - +0 shield
rNeg     . . .     Faith    .   a - +2 hat {Int+3}
rPois    +         Spirit   .   (no amulet)
rElec    +         Reflect  .   p - +2 ring of protection
rCorr    +         Harm     .   q - +3 ring of dexterity
MR       ++...     NoTele   +   w - ring of see invisible
Stlth    ++++++++++             x - ring of protection from cold
HPRegen  0.29/turn              y - ring of protection from magic
MPRegen  0.21/turn              C - ring "Wobicuf" {rF++ rC+}
                                E - +4 ring of dexterity
                                F - ring of stealth

@: agile, icy armour, resistant, very slightly contaminated, hasted, very quick
A: almost no armour, stealthy swim, amphibious, 8 rings, constrict 8, camouflage
1, gelatinous body 1
a: Potion Petition, Call Merchant, Bribe Branch, Renounce Religion


You were in the Dungeon.
You worshipped Gozag.
Gozag was most pleased with you.
You were not hungry.

You visited 1 branch You collected 15023 gold pieces.
You spent 4350 gold pieces at shops.
You paid 7876 gold pieces to Gozag.

Inventory:

Hand Weapons
 b - a +0 blowgun
 o - a +2 rapier of draining
 v - a +2 dagger of venom
 z - a +5 quick blade (weapon)
Missiles
 c - 8 poisoned needles
 d - 2 curare-tipped needles
 u - 9 tomahawks (quivered)
Armour
 a - a +2 hat of intelligence (worn)
 g - a +0 shield (worn)
Jewellery
 e - an uncursed ring of resist corrosion
 p - a +2 ring of protection (left tentacle)
 q - a +3 ring of dexterity (right tentacle)
 w - a ring of see invisible (on tentacle)
 x - a ring of protection from cold (on tentacle)
 y - a ring of protection from magic (on tentacle)
 C - the ring "Wobicuf" (on tentacle) {rF++ rC+}
   (You bought it in a shop in the Dungeon)

   [ring of protection from cold]

   It greatly protects you from fire.
   It protects you from cold.
 E - a +4 ring of dexterity (on tentacle)
 F - a ring of stealth (on tentacle)
Wands
 n - a wand of acid (7)
Scrolls
 j - 4 scrolls of remove curse {@r2}
 k - a scroll of blinking
 m - 2 scrolls of amnesia
 s - 3 scrolls of identify {@r1}
Potions
 i - 3 potions of magic
 A - a potion of brilliance
Miscellaneous
 r - a phial of floods (inert)
Comestibles
 f - 5 rations


   Skills:
 + Level 18.6 Fighting
 - Level 14.0 Short Blades
 - Level 7.3 Throwing
 - Level 12.0 Dodging
 + Level 23.1 Stealth
 + Level 8.7 Shields
 - Level 10.0 Spellcasting
 - Level 5.1 Conjurations
 - Level 4.2 Charms
 + Level 10.6 Translocations
 - Level 8.1 Fire Magic
 + Level 10.6 Ice Magic
 - Level 4.2 Air Magic
 - Level 4.1 Poison Magic
 - Level 12.0 Evocations


You had 10 spell levels left.
You knew the following spells:

 Your Spells              Type           Power        Failure   Level  Hunger
a - Blink                 Tloc           N/A          1%          2    None
b - Conjure Flame         Conj/Fire      ####....     3%          3    None
c - Mephitic Cloud        Conj/Pois/Air  ###.....     9%          3    None
d - Ozocubu's Armour      Chrm/Ice       ####....     2%          3    None
e - Dispersal             Tloc           #####.....   36%         6    ######.
f - Ozocubu's Refrigerat  Ice            #####.....   34%         6    ######.

Your spell library contained the following spells:

 Spells                   Type           Power        Failure   Level  Hunger
 Apportation              Tloc           #####.       1%          1    None
 Magic Dart               Conj           ####         2%          1    None
 Summon Ice Beast         Ice/Summ       ####....     21%         4    ###....
 Call Imp                 Summ           #.......     28%         2    None
 Slow                     Hex            #.......     28%         2    None


Dungeon Overview and Level Annotations

Branches:
Dungeon (1/1)

Altars:
Cheibriados
Dithmenos
Elyvilon
Fedhas
Gozag
Hepliaklqana
Kikubaaqudgha
Makhleb
Nemelex Xobeh
Okawaru
Qazlal
Ru
Sif Muna
Trog
Uskayaw
Vehumet
Wu Jian
Xom
Yredelemnul
Zin
The Shining One
Beogh
Jiyva
Lugonu

Shops:
D [=(%*!*:*


Innate Abilities, Weirdness & Mutations

You cannot wear most types of armour.
You are very stealthy in the water. (Stealth+)
You are amphibious.
You can wear up to eight rings at the same time.
You can use your tentacles to constrict eight enemies at once.
Your skin changes colour to match your surroundings (Stealth+).
Your rubbery body absorbs attacks. (AC +1, EV +1)


Message History

The yaktaur captain is lightly wounded.
The yaktaur captain unwields a +0 arbalest.
You block the yaktaur captain's attack.
You barely miss the yaktaur captain.
You squeeze the yaktaur captain, but do no damage.
The yaktaur captain is lightly wounded.
You hit the yaktaur captain but do no damage.
The yaktaur captain is lightly wounded.
You hit the yaktaur captain.
You squeeze the yaktaur captain, but do no damage.
The yaktaur captain is lightly wounded.
You hit the yaktaur captain.
Your squeeze misses the yaktaur captain.
The yaktaur captain is lightly wounded.
You hit the yaktaur captain but do no damage.
You squeeze the yaktaur captain.
The yaktaur captain is moderately wounded.
The yaktaur captain hits you!
You die...
Your body crumbles into a pile of gold.

..))))).)).[[[[[[[[)[=∩∩∩...('(([
▓▓▓▓▓▓▓▓▓▓▓▓▓▓▓▓▓▓▓▓▓▓▓▓▓▓▓▓▓▓▓▓▓
.................................
▓▓♣♣♣♣♣♣♣♣♣♣▓▓▓▓▓▓▓▓▓▓▓▓▓▓▓▓▓▓▓▓▓
.)'.........'....(.)).'.........'
▓▓♣♣♣♣♣♣♣♣♣♣▓▓▓▓▓▓▓▓▓▓▓▓▓▓▓▓▓▓▓▓▓
.)........................)......
▓▓▓▓▓▓▓▓▓▓▓▓▓▓▓▓▓▓▓▓▓▓▓▓▓▓▓▓▓▓▓▓▓
..[)+$).($$p....@c(...$'$y.G..C
▓▓▓▓▓▓▓▓▓▓▓▓▓▓▓▓▓▓▓▓▓▓▓▓▓▓▓▓▓▓▓


You could see a vault warden and a yaktaur captain.

Vanquished Creatures
  A lich (D)
  A shadow dragon (D)
  A nagaraja (D)
  2 ghost moths (D)
  A vault warden (D)
  A stone giant (D)
  An ironheart preserver (D)
  A spriggan defender (D)
  A very ugly thing (D)
  An entropy weaver (D)
  A spark wasp (D)
  An ettin (D)
  A fire dragon (D)
  A yaktaur captain (D)
  Josephine (D)
  A rakshasa (D)
  A great orb of eyes (D)
  2 hydras (D)
  A spriggan air mage (D)
  3 centaur warriors (D)
  A deep troll shaman (D)
  2 tengu warriors (D)
  2 deep troll earth magi (D)
  A vampire mage (D)
  2 shock serpents (D)
  A hell knight (D)
  A fire crab (shapeshifter) (D)
  2 swamp dragons (D)
  3 sea snakes (D)
  A glowing orange brain (D)
  A spriggan druid (D)
  3 harpies (D)
  A necromancer (D)
  A lindwurm (shapeshifter) (D)
  8 orc knights (D)
  2 ugly things (D)
  3 wolf spiders (D)
  A moth of wrath (D)
  2 cyclopes (D)
  6 black mambas (D)
  2 spiny frogs (D)
  A rime drake (D)
  A komodo dragon (D)
  A freezing wraith (D)
  A yaktaur (D)
  A meliai (D)
  2 hornets (D)
  A polar bear (D)
  A troll (D)
  A bog body (D)
  4 hippogriffs (D)
  4 slime creatures (D)
  2 water elementals (D)
  A wraith (D)
  2 yaks (D)
  An insubstantial wisp (D)
  A warg (D)
  2 water moccasins (D)
  A porcupine (D)
  2 hell hounds (D)
  An ice beast (D)
  A black bear (D)
  16 orc warriors (D)
  6 wolves (D)
  2 centaurs (D)
  4 crocodiles (D)
  2 bullfrogs (D)
  A quasit (D)
  2 orc priests (D)
  3 orc wizards (D)
  An iguana (D)
  A worker ant (D)
  An adder (D)
  2 adder zombies (D)
  A dart slug (D)
  7 orcs (D)
  2 hobgoblins (D)
  A jackal (D)
  A rat (D)
155 creatures vanquished.

Vanquished Creatures (collateral kills)
  Gastronok (D)
  A very ugly thing (D)
  4 ogre magi (D)
  An orc high priest (D)
  2 orc knights (D)
  A naga mage (D)
  A black mamba (D)
  A rime drake (shapeshifter) (D)
  A komodo dragon (D)
  A tarantella (D)
  4 wraiths (D)
  An acid dragon (D)
  2 orc warriors (D)
  A big kobold (shapeshifter) (D)
  An orc (D)
23 creatures vanquished.

Vanquished Creatures (others)
  An ogre mage (D)
  A necromancer (D)
2 creatures vanquished.

Grand Total: 180 creatures vanquished

Notes
Turn   | Place    | Note
-------+----------+-------------------------------------------
     0 | D        | Devam the Octopode Assassin began the quest for the Orb.
     0 | D        | Reached XP level 1. HP: 14/14 MP: 1/1
    11 | D        | Reached skill level 6 in Stealth
    11 | D        | Reached XP level 2. HP: 20/20 MP: 2/2
    24 | D        | Noticed a centaur
    30 | D        | Reached skill level 7 in Stealth
    30 | D        | Reached XP level 3. HP: 27/27 MP: 3/3
    36 | D        | Killed a centaur
    36 | D        | Reached skill level 5 in Fighting
    36 | D        | Reached skill level 8 in Stealth
    36 | D        | Reached XP level 4. HP: 14/35 MP: 4/4
    38 | D        | Reached skill level 5 in Short Blades
    38 | D        | Reached XP level 5. HP: 16/39 MP: 5/5
    58 | D        | Found a roughly hewn altar of Beogh.
    58 | D        | Found a snail-covered altar of Cheibriados.
    58 | D        | Found a shadowy altar of Dithmenos.
    58 | D        | Found a white marble altar of Elyvilon.
    58 | D        | Found a blossoming altar of Fedhas.
    58 | D        | Found an opulent altar of Gozag.
    59 | D        | Found a hazy altar of Hepliaklqana.
    60 | D        | Found a viscous altar of Jiyva.
    61 | D        | Found an ancient bone altar of Kikubaaqudgha.
    62 | D        | Found a corrupted altar of Lugonu.
    63 | D        | Found a burning altar of Makhleb.
    64 | D        | Found a sparkling altar of Nemelex Xobeh.
    65 | D        | Found an iron altar of Okawaru.
    66 | D        | Became a worshipper of Gozag Ym Sagoz the Greedy
    67 | D        | Found a stormy altar of Qazlal.
    68 | D        | Found a sacrificial altar of Ru.
    69 | D        | Found a deep blue altar of Sif Muna.
    70 | D        | Found a bloodstained altar of Trog.
    71 | D        | Found a hide-covered altar of Uskayaw.
    72 | D        | Found a radiant altar of Vehumet.
    73 | D        | Found an ornate altar of the Wu Jian Council.
    74 | D        | Found a shimmering altar of Xom.
    75 | D        | Found a basalt altar of Yredelemnul.
    76 | D        | Found a glowing silver altar of Zin.
    77 | D        | Found a glowing golden altar of the Shining One.
   253 | D        | Noticed a hornet
   253 | D        | Noticed a hippogriff
   253 | D        | Noticed a troll
   253 | D        | Noticed an ice beast
   255 | D        | Reached skill level 5 in Dodging
   255 | D        | Reached skill level 9 in Stealth
   259 | D        | Killed a hornet
   259 | D        | Reached skill level 11 in Stealth
   259 | D        | Reached XP level 6. HP: 49/49 MP: 6/6
   261 | D        | Killed a hippogriff
   261 | D        | Reached XP level 7. HP: 55/55 MP: 7/7
   263 | D        | Killed a troll
   265 | D        | Reached XP level 8. HP: 63/63 MP: 8/8
   281 | D        | Noticed a purple ugly thing
   281 | D        | Noticed a centaur warrior
   283 | D        | Killed a purple ugly thing
   283 | D        | Reached skill level 10 in Fighting
   283 | D        | Reached skill level 10 in Short Blades
   292 | D        | Killed a centaur warrior
   292 | D        | Reached skill level 10 in Dodging
   292 | D        | Reached XP level 9. HP: 63/72 MP: 9/9
   411 | D        | Noticed a komodo dragon
   411 | D        | Noticed a komodo dragon
   413 | D        | Reached skill level 1 in Evocations
   414 | D        | Noticed a black mamba
   448 | D        | Killed a komodo dragon
   448 | D        | Reached skill level 12 in Stealth
   459 | D        | Killed a komodo dragon
   472 | D        | Killed a black mamba
   472 | D        | Reached skill level 13 in Stealth
   472 | D        | Reached skill level 5 in Evocations
   676 | D        | Noticed a rime drake
   676 | D        | Noticed a black mamba
   682 | D        | Reached XP level 10. HP: 76/80 MP: 14/14
   698 | D        | Killed a black mamba
   718 | D        | Reached skill level 14 in Stealth
  1171 | D        | Reached skill level 15 in Stealth
  1401 | D        | Noticed an orc knight
  1401 | D        | Noticed an orc high priest
  1403 | D        | Killed an orc knight
  1404 | D        | Noticed an orc knight
  1417 | D        | Noticed an orc knight
  1420 | D        | Killed an orc high priest
  1420 | D        | Reached XP level 11. HP: 75/88 MP: 17/17
  1431 | D        | Killed an orc knight
  1452 | D        | Killed an orc knight
  1454 | D        | Reached skill level 16 in Stealth
  1671 | D        | Found Tuyson's Food Emporium.
  1671 | D        | Noticed an orc knight
  1671 | D        | Noticed an orc knight
  1671 | D        | Noticed an orc knight
  1680 | D        | Killed an orc knight
  1680 | D        | Reached skill level 10 in Evocations
  1681 | D        | Found Foomeb's Assorted Antiques.
  1687 | D        | Noticed an orc knight
  1689 | D        | Killed an orc knight
  1695 | D        | Noticed an orc knight
  1699 | D        | Killed an orc knight
  1713 | D        | Found Takhlol's Distillery.
  1715 | D        | Noticed an orc knight
  1724 | D        | Killed an orc knight
  1731 | D        | Found Funya's Assorted Antiques.
  1740 | D        | Killed an orc knight
  1740 | D        | Reached skill level 17 in Stealth
  1877 | D        | Killed an orc knight
  2177 | D        | Noticed Josephine
  2199 | D        | Killed Josephine
  2429 | D        | Bought a glowing buckler for 172 gold pieces
  2429 | D        | Bought a glowing buckler for 172 gold pieces
  2453 | D        | Bought the ring "Wobicuf" {rF++ rC+} for 792 gold pieces
  2454 | D        | Bought a +4 ring of dexterity for 432 gold pieces
  2454 | D        | Bought an uncursed ring of stealth for 280 gold pieces
  2463 | D        | Bought a runed dagger for 160 gold pieces
  2463 | D        | Bought a runed dagger for 160 gold pieces
  2483 | D        | Noticed an ogre mage
  2483 | D        | Noticed a purple ugly thing
  2486 | D        | Noticed a five-headed hydra
  2488 | D        | Killed an ogre mage
  2488 | D        | Reached skill level 15 in Fighting
  2488 | D        | Reached skill level 1 in Shields
  2491 | D        | Noticed a green very ugly thing
  2494 | D        | Reached skill level 18 in Stealth
  2495 | D        | Noticed a cyclops
  2517 | D        | Killed a purple ugly thing
  2532 | D        | Killed a five-headed hydra
  2532 | D        | Reached XP level 12. HP: 54/98 MP: 21/21
  2533 | D        | Noticed a deep troll shaman
  2552 | D        | Killed a green very ugly thing
  2552 | D        | Reached skill level 5 in Throwing
  2604 | D        | Noticed an ogre mage
  2610 | D        | Noticed a centaur warrior
  2628 | D        | Killed a deep troll shaman
  2629 | D        | Noticed a deep troll earth mage
  2642 | D        | Killed an ogre mage
  2654 | D        | Killed a centaur warrior
  2654 | D        | Reached skill level 19 in Stealth
  2654 | D        | Reached skill level 5 in Shields
  2675 | D        | Killed a deep troll earth mage
  2685 | D        | HP: 4/99 [deep troll earth mage simulacrum (7)]
  3026 | D        | Noticed Gastronok
  3049 | D        | Killed Gastronok
  3300 | D        | Bought the Compendium of Ice and the Voyage for 1482 gold
                  | pieces
  3300 | D        | Bought a book of Minor Magic for 380 gold pieces
  3303 | D        | Learned a level 2 spell: Blink
  3307 | D        | Learned a level 3 spell: Conjure Flame
  3311 | D        | Learned a level 3 spell: Mephitic Cloud
  3315 | D        | Learned a level 3 spell: Ozocubu's Armour
  3390 | D        | Noticed an eight-headed hydra
  3390 | D        | Reached skill level 1 in Poison Magic
  3396 | D        | Reached skill level 1 in Conjurations
  3396 | D        | Reached skill level 1 in Charms
  3396 | D        | Reached skill level 1 in Translocations
  3396 | D        | Reached skill level 1 in Fire Magic
  3396 | D        | Reached skill level 1 in Ice Magic
  3396 | D        | Reached skill level 1 in Air Magic
  3401 | D        | Reached skill level 1 in Spellcasting
  3767 | D        | Killed an eight-headed hydra
  3953 | D        | Reached XP level 13. HP: 95/106 MP: 19/22
  3994 | D        | Reached skill level 20 in Stealth
  4073 | D        | Learned a level 6 spell: Dispersal
  4079 | D        | Noticed a nagaraja
  4112 | D        | HP: 3/107 [nagaraja/poison arrow (16)]
  4113 | D        | HP: 1/107 [poisoned by a nagaraja (poison arrow)]
  4482 | D        | Killed a nagaraja
  4486 | D        | Reached skill level 5 in Spellcasting
  4761 | D        | Noticed an entropy weaver
  4761 | D        | Noticed a ghost moth
  4789 | D        | Reached skill level 5 in Translocations
  4789 | D        | Reached skill level 5 in Ice Magic
  4792 | D        | Noticed a ghost moth
  4794 | D        | Noticed a spark wasp
  4996 | D        | Killed an entropy weaver
  4996 | D        | Reached skill level 5 in Fire Magic
  5267 | D        | Bought an uncursed ring of resist corrosion for 320 gold
                  | pieces
  5331 | D        | Killed a ghost moth
  5514 | D        | Killed a spark wasp
  5531 | D        | Killed a ghost moth
  5531 | D        | Reached skill level 21 in Stealth
  5893 | D        | Noticed a lich
  5893 | D        | Noticed a spriggan defender
  5902 | D        | Noticed a great orb of eyes
  5907 | D        | Killed a lich
  5914 | D        | Noticed a shadow dragon
  5931 | D        | Reached skill level 5 in Conjurations
  5945 | D        | Killed a spriggan defender
  5961 | D        | Killed a great orb of eyes
  5961 | D        | Reached XP level 14. HP: 67/115 MP: 10/25
  5983 | D        | Killed a shadow dragon
  6474 | D        | Learned a level 6 spell: Ozocubu's Refrigeration
  6569 | D        | Reached skill level 22 in Stealth
  6814 | D        | Noticed a red very ugly thing
  6892 | D        | Killed a red very ugly thing
  7165 | D        | Noticed a stone giant
  7169 | D        | Reached skill level 10 in Ice Magic
  7390 | D        | Noticed a vault warden
  7393 | D        | Killed a stone giant
  7393 | D        | Reached skill level 10 in Translocations
  7487 | D        | Killed a vault warden
  7487 | D        | Reached skill level 10 in Spellcasting
  7733 | D        | Reached skill level 23 in Stealth
  7741 | D        | Noticed an ironheart preserver
  7783 | D        | Killed an ironheart preserver
  7787 | D        | Noticed a vault warden
  7819 | D        | Slain by a yaktaur captain

Skill      XL: |  1  2  3  4  5  6  7  8  9 10 11 12 13 14 |
---------------+-------------------------------------------+-----
Dodging        | 2 3 4 7 8 9 10 11 12 | 12.0
Stealth        | 6 7 8 11 13 15 18 19 21 23 | 23.1
Fighting       | 3 5 7 8 9 11 12 13 15 16 17 18 | 18.6
Short Blades   | 3 4 5 7 8 9 11 12 13 14 | 14.0
Evocations     | 5 9 12 | 12.0
Throwing       | 4 7 |  7.3
Shields        | 2 6 8 |  8.7
Poison Magic   | 3 4 |  4.1
Conjurations   | 3 5 |  5.1
Charms         | 3 4 |  4.2
Translocations | 3 7 10 | 10.6
Fire Magic     | 3 7 8 |  8.1
Ice Magic      | 3 7 10 | 10.6
Air Magic      | 3 4 |  4.2
Spellcasting   | 2 7 10 | 10.0

Action                   |  1- 3 |  4- 6 |  7- 9 | 10-12 | 13-15 || total
-------------------------+-------+-------+-------+-------+-------++-------
Melee: Dagger            |    15 |     8 |    21 |    28 |    15 ||    87
       Constrict         |     1 |     1 |     4 |    35 |    32 ||    73
       Tentacles         |       |     1 |     9 |   142 |   225 ||   377
       Rapier            |       |       |    39 |   223 |    27 ||   289
       Quick blade       |       |       |       |   170 |   537 ||   707
Throw: Tomahawk          |       |       |       |     3 |    30 ||    33
 Cast: Ozocubu's Armour  |       |       |       |     1 |    14 ||    15
       Conjure Flame     |       |       |       |       |    22 ||    22
       Mephitic Cloud    |       |       |       |       |    10 ||    10
       Blink             |       |       |       |       |     8 ||     8
       Dispersal         |       |       |       |       |     1 ||     1
Invok: Call Merchant     |       |       |       |     5 |       ||     5
       Potion Petition   |       |       |       |     2 |     5 ||     7
Evoke: Phial of floods   |       |       |     3 |    14 |    12 ||    29
       Wand              |       |       |       |     3 |       ||     3
  Use: Potion            |     2 |       |     3 |    14 |     5 ||    24
       Scroll            |       |       |       |     1 |     6 ||     7
 Stab: Sleeping          |     4 |     4 |     4 |    10 |     2 ||    24
       Invisible         |       |       |     6 |       |       ||     6
       Distracted        |       |       |       |     5 |     5 ||    10
       Confused          |       |       |       |       |     2 ||     2
  Eat: Ration            |       |       |       |     3 |     4 ||     7
Armor: Skin              |       |       |     1 |    10 |    40 ||    51
Dodge: Dodged            |     3 |     2 |    29 |   183 |   218 ||   435
Block: Buckler           |       |       |       |    41 |    90 ||   131
       Shield            |       |       |       |       |    51 ||    51
